 Dungeon Crawl Stone Soup version 0.31-a0-152-g6aa68a64a1 (webtiles) character file.

Game seed: 5075171695622698546

876 erloom the Magician (level 8, -2/50 HPs)
             Began as a Djinni Fire Elementalist on June 9, 2023.
             Was a Follower of Makhleb.
             Slain by Edmund
             ... wielding a +2 flail of protection
              (5 damage)
             ... on level 5 of the Dungeon.
             The game lasted 00:09:45 (4153 turns).

erloom the Magician (Djinni Fire Elementalist)      Turns: 4153, Time: 00:09:46

Health: -2/50      AC:  3    Str:  7    XL:     8   Next: 25%
Gold:   240        EV: 12    Int: 20    God:    Makhleb [*.....] SH:  0 Dex: 13

rFire   + + .        c - +2 dagger (elec)
rCold   x . .        (no shield)
rNeg    . . .        a - +0 robe
rPois   ∞            (no helmet)
rElec   .            (no cloak)
rCorr   .            b - +0 pair of gloves
SInv    .            (boots unavailable)
Will    .....        (no amulet)
Stlth   ++           u - +4 ring of slaying
HPRegen 0.28/turn    (no ring)
MPRegen 0.00/turn

%: infuse magic (-3 HP)
@: flying
A: sickness immunity, fire resistance 2, cold vulnerability 1, float, innate
caster, HP casting, extra vitality 1
a: Renounce Religion


You were on level 5 of the Dungeon.
You worshipped Makhleb.
Makhleb was aware of your devotion.
You visited 1 branch of the dungeon, and saw 5 of its levels.

You collected 240 gold pieces.

Inventory:

Hand Weapons
 c - a +2 dagger of electrocution (weapon)
 e - a +1 short sword of venom
Armour
 a - a +0 robe (worn)
 b - a +0 pair of gloves (worn)
Jewellery
 u - a +4 ring of slaying (left hand)
Wands
 s - a wand of charming (12)
Scrolls
 d - a scroll of enchant weapon {unknown}
 i - a scroll of poison {unknown}
 k - a scroll of teleportation {unknown}
 o - 2 scrolls of identify {unknown}
 q - a scroll of fog {unknown}
 v - a scroll of vulnerability {unknown}
 w - a scroll of fear {unknown}
Potions
 f - a potion of attraction {unknown}
 g - a potion of enlightenment {unknown}
 h - a potion of lignification {unknown}
 j - 3 potions of brilliance {unknown}
 l - 2 potions of mutation {unknown}
 m - a potion of ambrosia {unknown}
 n - 2 potions of haste {unknown}
 p - a potion of invisibility {unknown}
 r - 2 potions of degeneration {unknown}
 t - a potion of berserk rage {unknown}


   Skills:
 - Level 3.0 Dodging
 - Level 2.0 Stealth
 + Level 7.0 Spellcasting
 + Level 7.0 Conjurations
 + Level 7.0 Hexes
 + Level 7.0 Summonings
 + Level 7.0 Necromancy
 + Level 7.0 Translocations
 + Level 7.0 Transmutations
 + Level 7.0 Fire Magic
 + Level 7.0 Ice Magic
 + Level 7.0 Air Magic
 + Level 7.0 Earth Magic
 + Level 7.0 Poison Magic


You knew the following spells:

 Your Spells              Type           Power      Damage    Failure   Level
a - Foxfire               Conj/Fire      100%       2x1d9     1%          1
b - Scorch                Fire           70%        2d8       1%          2
c - Volatile Blastmotes   Fire/Tloc      70%        2d15      1%          3
d - Inner Flame           Hex/Fire       35%        N/A       1%          3
e - Flame Wave            Conj/Fire      35%        2d10      5%          4
f - Apportation           Tloc           70%        N/A       1%          1
g - Lesser Beckoning      Tloc           70%        N/A       1%          2
h - Call Imp              Summ           70%        N/A       1%          2
Your spell library was empty.

Dungeon Overview and Level Annotations

Branches:
Dungeon (5/15)
 Temple: D:4-7

Altars:
Makhleb

Annotations:
D:5 exclusion: ice beast, Edmund


Innate Abilities, Weirdness & Mutations

You are immune to sickness and miasma.
You are immune to poison.
Your flesh is very heat resistant. (rF++)
You are vulnerable to cold. (rC-)
You float through the air rather than walking.
You learn spells naturally, not from books.
Your magical power is your life essence.
You have superior vitality. (+4 MHP)


Message History

Edmund is severely wounded.
The concussive blast engulfs you. You resist.
You are knocked back by the blast.
Casting: Volatile Blastmotes (safe; 1% risk of failure)
Confirm with . or Enter, or press ? or * to list all spells.
Flames lash Edmund but do no damage.
Casting: Scorch (safe; 1% risk of failure)
Confirm with . or Enter, or press ? or * to list all spells.
You conjure some foxfire!
Edmund hits you with a +2 flail of protection!
* * * LOW HITPOINT WARNING * * *
Your foxfire dissipates!
Casting: Foxfire (safe; 1% risk of failure)
Confirm with . or Enter, or press ? or * to list all spells.
Flames lash Edmund.
Edmund is severely wounded.
Edmund's fire resistance burns away.
* * * LOW HITPOINT WARNING * * *
Edmund closely misses you. Edmund attacks as you move away!
Edmund hits you with a +2 flail of protection!
* * * LOW HITPOINT WARNING * * *
Okay, then.
Okay, then.
Okay, then.
Okay, then.
Okay, then.
Okay, then.
Casting: Scorch (safe; 1% risk of failure)
Confirm with . or Enter, or press ? or * to list all spells.
Okay, then.
Casting: Scorch (safe; 1% risk of failure)
Confirm with . or Enter, or press ? or * to list all spells.
A tiny devil pulls itself out of the air.
* * * LOW HITPOINT WARNING * * *
Edmund is no longer more vulnerable to fire.
Edmund barely misses you. Edmund attacks as you move away!
Edmund hits you with a +2 flail of protection.
You die...

### ####.......#
##########.########.......##.#
#.##................####.....####
...#.#####.#######..# #.###.....
........##.# #..# #.# #..###
...#.##.##.##### #..# #.###..# #
#.##.##.##.....# #.(####....).#
)....##.##.###.###............#
#.#####.##.....@@..##.###.###.#
#.......######.###5##.# #.# #.#
...###### #.# #.##)###.###.# #
....## ####.# #............###
.....## ##.##.# ########.######.
......####...#.#########...####..
......'.......................'..
......####...#.#########...####..
.....## ##.##.# ##.## ##.


You could see Edmund (ally target) and a friendly cerulean imp (summoned).

Vanquished Creatures
  Grinder (D:3)
  An ogre (D:4)
  Blork the orc (D:4)
  2 scorpions
  A hound (D:5)
  Ijyb (D:4)
  2 iguanas
  2 orc wizards (D:4)
  A sleepcap (D:4)
  Robin (D:4)
  6 adders
  2 white imps (D:5)
  A worm (D:2)
  2 dart slugs
  15 orcs
  11 endoplasms
  2 giant cockroaches
  12 goblins
  11 hobgoblins
  3 jackals (D:2)
  2 kobolds
  5 quokkas
  9 ball pythons
  8 bats
  7 frilled lizards
  9 rats
118 creatures vanquished.

Vanquished Creatures (others)
  365 foxfires
365 creatures vanquished.

Grand Total: 483 creatures vanquished

Notes
Turn   | Place    | Note
-------+----------+-------------------------------------------
     0 | D:1      | erloom the Djinni Fire Elementalist began the quest for the
                  | Orb.
     0 | D:1      | erloom set off with the following spells memorised:
                  | Foxfire, Scorch, Volatile Blastmotes, Inner Flame, Flame
                  | Wave.
     0 | D:1      | Reached XP level 1. HP: 15/15 MP: 0/0
   155 | D:1      | Reached XP level 2. HP: 19/21 MP: 0/0
   272 | D:1      | Reached XP level 3. HP: 24/25 MP: 0/0
   272 | D:1      | Learned a level 1 spell: Apportation
  1055 | D:2      | Reached XP level 4. HP: 27/31 MP: 0/0
  1897 | D:3      | Reached XP level 5. HP: 20/35 MP: 0/0
  1897 | D:3      | Learned a level 2 spell: Lesser Beckoning
  2006 | D:3      | Noticed Grinder
  2008 | D:3      | Paralysed by Grinder for 4 turns
  2184 | D:3      | Killed Grinder
  2185 | D:3      | Reached skill level 5 in Spellcasting
  2185 | D:3      | Reached skill level 5 in Conjurations
  2185 | D:3      | Reached skill level 5 in Hexes
  2185 | D:3      | Reached skill level 5 in Summonings
  2185 | D:3      | Reached skill level 5 in Necromancy
  2185 | D:3      | Reached skill level 5 in Translocations
  2185 | D:3      | Reached skill level 5 in Transmutations
  2185 | D:3      | Reached skill level 5 in Fire Magic
  2185 | D:3      | Reached skill level 5 in Ice Magic
  2185 | D:3      | Reached skill level 5 in Air Magic
  2185 | D:3      | Reached skill level 5 in Earth Magic
  2185 | D:3      | Reached skill level 5 in Poison Magic
  2185 | D:3      | Reached XP level 6. HP: 14/40 MP: 0/0
  2499 | D:3      | Found a burning altar of Makhleb.
  2508 | D:3      | Became a worshipper of Makhleb the Destroyer
  2688 | D:4      | Noticed Ijyb
  2695 | D:4      | Killed Ijyb
  2696 | D:4      | Reached XP level 7. HP: 37/45 MP: 0/0
  2696 | D:4      | Learned a level 2 spell: Call Imp
  2937 | D:4      | Noticed Robin
  2941 | D:4      | Killed Robin
  2945 | D:4      | Reached * piety under Makhleb
  3442 | D:4      | Noticed Blork the orc
  3449 | D:4      | Killed Blork the orc
  3482 | D:4      | Reached XP level 8. HP: 26/50 MP: 0/0
  3687 | D:5      | Entered Level 5 of the Dungeon
  4117 | D:5      | Noticed Edmund
  4153 | D:5      | Slain by Edmund

Illustrated notes

Levels and vault maps discovered:
D:1:      dreamdust_arrival_sigmund_warning, layout_basic,
          minmay_misc_feat_square, hangedman_feature_mirror,
          minmay_misc_feat_tower, minmay_misc_feat_alley
D:2:      layout_loops_ring, solitary_fountain
D:3:      layout_loops_ring, bloody_makhleb, uniq_grinder
D:4:      layout_basic, kennysheep_generic_room_8, uniq_ijyb, uniq_robin,
          uniq_blork_the_orc
D:5:      layout_loops_corners, lemuel_round_altar,
          ebering_ghost_reflecting_pool, minmay_stone_trees_small, uniq_edmund

Skill      XL: |  1  2  3  4  5  6  7  8 |
---------------+-------------------------+-----
Spellcasting   | 4 5 6 7 |  7.0
Conjurations   | 4 5 6 7 |  7.0
Hexes          | 4 5 6 7 |  7.0
Summonings     | 4 5 6 7 |  7.0
Necromancy     | 4 5 6 7 |  7.0
Translocations | 4 5 6 7 |  7.0
Transmutations | 4 5 6 7 |  7.0
Fire Magic     | 4 5 6 7 |  7.0
Ice Magic      | 4 5 6 7 |  7.0
Air Magic      | 4 5 6 7 |  7.0
Earth Magic    | 4 5 6 7 |  7.0
Poison Magic   | 4 5 6 7 |  7.0
Stealth        | 2 |  2.0
Dodging        | 3 |  3.0

Action                     |  1- 3 |  4- 6 |  7- 9 || total
---------------------------+-------+-------+-------++-------
   Cast: Foxfire           |    83 |    93 |    91 ||   267
         Scorch            |     1 |    10 |    14 ||    25
         Volatile Blastmot |       |       |     4 ||     4
         Inner Flame       |       |       |     1 ||     1
         Call Imp          |       |       |     1 ||     1
 Armour: Robe              |    13 |     6 |     2 ||    21
  Dodge: Dodged            |    20 |    12 |    13 ||    45

Table legend: (Time is in decaauts)
 A = Elapsed time spent in this place.
 B = Non-inter-level travel time spent in this place.
 C = Inter-level travel time spent in this place.
 D = Time resting spent in this place.
 E = Time spent auto-exploring this place.
 F = Levels seen in this place.
 G = Mean time per level.
                   A        B        C        D        E       F      G
               +--------+--------+--------+--------+--------+-----+--------+
         Total |   4153 |   4093 |     60 |    290 |   2932 |   5 |  830.6 |
       Dungeon |   4153 |   4093 |     60 |    290 |   2932 |   5 |  830.6 |
               +--------+--------+--------+--------+--------+-----+--------+

Top non-repeatable levels by time:
     D:4: 1135 daAuts
     D:1: 928 daAuts
     D:3: 923 daAuts
     D:2: 699 daAuts
     D:5: 465 daAuts
